[Event "Early-Titled-Tuesday-Blitz-June-18-2024"]
[Site "Chess.com"]
[Date "2024.06.18"]
[Round "5"]
[White "Mackster23"]
[Black "Cxrjs"]
[Result "1-0"]
[WhiteElo "2719"]
[BlackElo "2512"]
[TimeControl "180+1"]
[EndTime "8:58:16 PDT"]
[Termination "Mackster23 won on time"]

1. e4 e5 2. Nf3 Nc6 3. Nc3 Nf6 4. g3 Bc5 5. Bg2 a5 6. Nxe5 Nxe5 7. d4 Bd6 8. dxe5 Bxe5 9. Qd3 Qe7 10. O-O O-O 11.
f4 Bxc3 12. bxc3 Ng4 13. h3 Qc5+ 14. Qd4 Qxd4+ 15. cxd4 Nf6 16. e5 Ne8 17. Rb1 d6 18. Ba3 Rb8 19. Rfe1 Bf5 20. Rxb7 Rxb7 21. Bxb7 Bxc2 22.
Rc1 Bf5 23. g4 Bd7 24. f5 g6 25. f6 h5 26. Bf3 Kh8 27. Kf2 h4 28. Bc6 Be6 29. Rc2 Rg8 30. Ke3 Kh7 31. Ke4 Kh6 32. Bc1+ Kh7 33. a3 dxe5 34. dxe5 Bc8 35. Bg5 Ba6 36.
Rd2 Bc8 37. Rd8 Be6 38. Rxe8 Rxe8 39. Bxe8 1-0

[Event "Early-Titled-Tuesday-Blitz-June-18-2024"]
[Site "Chess.com"]
[Date "2024.06.18"]
[Round "5"]
[White "Nechitaylo_Nikita"]
[Black "Blitzking642"]
[Result "1-0"]
[WhiteElo "2344"]
[BlackElo "2502"]
[TimeControl "180+1"]
[EndTime "8:58:16 PDT"]
[Termination "Nechitaylo_Nikita won by resignation"]

1. d4 d5 2. c4 e6 3. Nc3 h6 4. cxd5 exd5 5. Nf3 Nf6 6. Bf4 Bd6 7. Bg3 Bxg3 8.
hxg3 O-O 9. e3 c6 10. Bd3 Qe7 11. Qb1 Re8 12. b4 Ne4 13. Bxe4 dxe4 14. Nd2 Bf5 15.
O-O Nd7 16. Re1 Nf6 17. b5 c5 18. f3 cxd4 19. exd4 Qd7 20. Qb4 exf3 21. Nxf3 Nd5 22. Nxd5 Qxd5 23. Rxe8+ Rxe8 24. Qc5 Qd8 25. Qxf5 Re2 26.
Rd1 g6 27. Qf4 Qf8 28. Ne5 g5 29. Qf5 Rxa2 30. Rf1 Re2 31. Nxf7 Qg7 32. Qc8+ Kh7 33. Qf5+ Kg8 34. Ne5 Rd2 35. Qe6+ Kh7 36. Rf7 Rd1+ 37. Kh2 Rh1+ 38. Kxh1 1-0

[Event "Early-Titled-Tuesday-Blitz-June-18-2024"]
[Site "Chess.com"]
[Date "2024.06.18"]
[Round "5"]
[White "KarlEmilElmer"]
[Black "rachidhuilda"]
[Result "0-1"]
[WhiteElo "2211"]
[BlackElo "2402"]
[TimeControl "180+1"]
[EndTime "8:58:18 PDT"]
[Termination "rachidhuilda won on time"]

1. d4 d5 2. c4 c6 3. Nf3 Nf6 4.
e3 Bf5 5. Nc3 e6 6. Nh4 Bg4 7.
f3 Bh5 8. g3 Nbd7 9. cxd5 cxd5 10. Bd3 Be7 11. O-O O-O 12. e4 dxe4 13. fxe4 Bxd1 14.
Rxd1 Nb6 15. Be3 Rc8 16. Bf2 Nc4 17. Rab1 Nd7 18. Nf3 b6 19. d5 e5 20. Nb5 Nd6 21. Nxa7 f6 22. Nc6 Qe8 23. Rbc1 Qf7 24. Nh4 Kh8 25.
b4 b5 26. Na7 Rxc1 27. Rxc1 Ra8 28. Rc7 Qe8 29. Nxb5 Rxa2 30. Nxd6 Bxd6 31. Rb7 Ra1+ 32. Kg2 Ra2 33. Bb5 Qc8 34. Rxd7 Rxf2+ 35. Kxf2 Qc2+ 36. Kf3 Qc3+ 37. Kg4 Qxb4 38. Rd8+ Bf8 39. Nf5 g6 40. Nd6 Kg7 41. Ne8+ Kf7 42. Rd7+ Kxe8 0-1

[Event "Early-Titled-Tuesday-Blitz-June-18-2024"]
[Site "Chess.com"]
[Date "2024.06.18"]
[Round "5"]
[White "SALVA-DALI"]
[Black "savitha1030"]
[Result "0-1"]
[WhiteElo "2754"]
[BlackElo "2589"]
[TimeControl "180+1"]
[EndTime "8:58:20 PDT"]
[Termination "savitha1030 won by resignation"]

1. g3 c5 2. Bg2 Nc6 3. c4 Nf6 4.
Nc3 g6 5. e3 Bg7 6. Nge2 O-O 7.
O-O e5 8. d4 exd4 9. exd4 d6 10. d5 Ne5 11. b3 Bf5 12. h3 h5 13. Be3 Re8 14. Qd2 Qd7 15. Kh2 a6 16. a4 Rab8 17. Nf4 b5 18. axb5 axb5 19. Nxb5 Nfg4+ 20. hxg4 Nxg4+ 21. Kg1 Bxa1 22. Rxa1 Ra8 23. Re1 Ne5 24. Qc3 Ra2 25.
Bxc5 Nxc4 26. bxc4 Rxe1+ 27. Qxe1 dxc5 28. d6 Rb2 29.
Kh2 Rc2 30. Nd5 Kg7 31. Qe5+ Kh6 32. Nf6 Qe6 33. Qxe6 Bxe6 34. Bd5 Rxf2+ 35. Kg1 Rxf6 36. Kg2 Bd7 37. Nc3 Rxd6 38. Ne4 Ra6 39. Nxc5 Ra2+ 40. Kf3 Bg4+ 41. Ke3 Re2+ 42. Kd3 Re1 43. Kd4 f5 44.
Nd3 Rd1 45. Kc3 Be2 46. Nf4 Bg4 47. Nd3 g5 48. c5 Be2 49. Nb4 h4 50. gxh4 gxh4 51.
c6 h3 52. c7 Rc1+ 53. Kd2 Rxc7 54. Kxe2 Rc5 55. Bf3 Kg5 56. Nd3 Rc2+ 57. Ke3 h2 58. Nf2 f4+ 0-1

[Event "Early-Titled-Tuesday-Blitz-June-18-2024"]
[Site "Chess.com"]
[Date "2024.06.18"]
[Round "5"]
[White "GelmanAlexander"]
[Black "ural58"]
[Result "1-0"]
[WhiteElo "2648"]
[BlackElo "2423"]
[TimeControl "180+1"]
[EndTime "8:58:20 PDT"]
[Termination "GelmanAlexander won by resignation"]

1. c4 e5 2. e3 c6 3. b3 d5 4. Bb2 Bd6 5. Nf3 Qe7 6. Be2 Nf6 7. d4 Nbd7 8. Nc3 O-O 9. h3 exd4 10. Qxd4 c5 11. Qh4 d4 12. exd4 cxd4 13. Nxd4 Ne5 14. O-O Ng6 15. Qg5 h6 16. Qd2 Rd8 17. Rad1 a6 18. Rfe1 Qc7 19. Qc2 Nf4 20. Bf1 Bc5 21.
Na4 Ba7 22. c5 Bd7 23. Rc1 Bxa4 24. bxa4 Rac8 25. Nb3 Nd7 26. Qf5 Ng6 27. Bc4 Ndf8 28.
a5 Qf4 29. Qxf4 Nxf4 30. Re7 N8e6 31. Rxb7 Bxc5 32. Bxa6 Bf8 33. Rxc8 Rxc8 34. Bf1 Rc2 35. Na1 Nc5 36. Nxc2 Nxb7 37. a6 Nd8 38. a7 1-0

[Event "Early-Titled-Tuesday-Blitz-June-18-2024"]
[Site "Chess.com"]
[Date "2024.06.18"]
[Round "5"]
[White "Mops_2004"]
[Black "Herzog2012"]
[Result "0-1"]
[WhiteElo "2800"]
[BlackElo "2623"]
[TimeControl "180+1"]
[EndTime "8:58:21 PDT"]
[Termination "Herzog2012 won on time"]

1. g3 Nf6 2. Bg2 d5 3. f4 g6 4.
b3 Bg7 5. Bb2 O-O 6. Nf3 c5 7. e3 Nc6 8. Ne5 Nxe5 9. Bxe5 Bg4 10. Qc1 Qd7 11. h3 Bf5 12. d3 h5 13.
Nd2 Rac8 14. a4 Rfd8 15. Qb2 Ne8 16. Nf3 c4 17. Bxg7 Nxg7 18. Ne5 Qe6 19. Qd4 cxb3 20. cxb3 Rc2 21. Kf1 Rd2 22. Qc3 Bxd3+ 23. Kg1 Rxg2+ 24. Kxg2 Be4+ 25. Nf3 Rc8 26. Qe1 Rc2+ 27. Kg1 Bxf3 28. Rh2 Qc6 29. Rxc2 Qxc2 30. Qf2 Be4 31. Ra2 Qc1+ 32.
Qf1 Qxe3+ 33. Kh2 h4 34. gxh4 Nf5 35. Qf2 Qxf2+ 36. Rxf2 Nxh4 37. Kg3 Nf5+ 38. Kg4 d4 39. Rd2 d3 0-1

[Event "Early-Titled-Tuesday-Blitz-June-18-2024"]
[Site "Chess.com"]
[Date "2024.06.18"]
[Round "5"]
[White "Pelusiansky"]
[Black "Lucky_Puncher"]
[Result "1-0"]
[WhiteElo "2438"]
[BlackElo "2593"]
[TimeControl "180+1"]
[EndTime "8:58:21 PDT"]
[Termination "Pelusiansky won on time"]

1. e4 c5 2. Nf3 d6 3. Bb5+ Nd7 4.
O-O a6 5. Bd3 Ngf6 6. c3 b5 7.
a4 Bb7 8. axb5 axb5 9. Rxa8 Qxa8 10. Bxb5 Bxe4 11. Na3 e6 12. d4 cxd4 13. Nxd4 Bxg2 14.
Re1 Be7 15. f3 Bh3 16. Nc6 Nd5 17. c4 Nc7 18. Ba4 d5 19. Ne5 O-O 20. Nxd7 Rd8 21. c5 Na6 22. Be3 d4 23. Bxd4 Nxc5 24. Bxc5 Bxc5+ 25. Kh1 Bb4 26. Re4 Be7 27. Rd4 h6 28. Nc4 Bf5 29. b3 Bg5 30. Nce5 Be7 31. Nc6 Re8 32.
Nb6 Qa6 33. Nc4 Bf8 34. Nb4 Qa8 35. Bxe8 Qxe8 36. Nd6 Qb8 37. Nxf5 exf5 38. Nc6 Qc7 39. Rc4 Qb7 40. Qd3 Qa7 41. Nxa7 1-0

[Event "Early-Titled-Tuesday-Blitz-June-18-2024"]
[Site "Chess.com"]
[Date "2024.06.18"]
[Round "5"]
[White "elis06"]
[Black "Roachelley"]
[Result "0-1"]
[WhiteElo "2361"]
[BlackElo "2545"]
[TimeControl "180+1"]
[EndTime "8:58:22 PDT"]
[Termination "Roachelley won by checkmate"]

1. d4 d5 2. c4 e6 3. Nc3 Be7 4. Nf3 Nf6 5. g3 O-O 6. Bg2 c6 7. Qd3 dxc4 8. Qxc4 b5 9. Qd3 b4 10. Na4 Nbd7 11. O-O a5 12. Bf4 Ba6 13. Qc2 Rc8 14.
Rfd1 Nd5 15. e4 Nxf4 16. gxf4 Qc7 17. e5 c5 18. Rac1 c4 19. f5 Nb6 20. Nxb6 Qxb6 21.
Qe4 Bb7 22. Qf4 exf5 23. Qxf5 Qe6 24. Qf4 h6 25. Kh1 Rfd8 26. Rc2 Bd5 27. Re2 c3 28. b3 a4 29. Rg1 axb3 30. axb3 Bxb3 31. Ne1 Bd5 32.
f3 b3 33. Qg3 Qg6 34. Qf2 Qh5 35. Bf1 c2 36. Qg2 Bf8 37. Nd3 Bxf3 38. Rf2 Bxg2+ 39. Rfxg2 c1=Q 40. Nxc1 Rxc1 41. Be2 Qh4 42. Rxc1 Rxd4 43. Rb1 Qh3 44. Rxb3 Qxb3 45. Rg1 Qd5+ 46. Rg2 Rd2 47. Bf1 Rxg2 48. Bxg2 Qd1+ 49. Bf1 Qxf1# 0-1

[Event "Early-Titled-Tuesday-Blitz-June-18-2024"]
[Site "Chess.com"]
[Date "2024.06.18"]
[Round "5"]
[White "JJDAREK"]
[Black "Schattman"]
[Result "1/2-1/2"]
[WhiteElo "2332"]
[BlackElo "2497"]
[TimeControl "180+1"]
[EndTime "8:58:22 PDT"]
[Termination "Game drawn by repetition"]

1. Nf3 d5 2. c4 e6 3. g3 Nf6 4.
Bg2 Be7 5. O-O O-O 6. d4 dxc4 7.
Qa4 a6 8. Qxc4 b5 9. Qc2 Bb7 10. Bd2 Be4 11. Qc1 Nbd7 12. Ba5 Rc8 13. Nbd2 Bb7 14. b4 Qe8 15. a3 Nb6 16. Qc2 Bd5 17. e4 Bc4 18. Rfe1 h6 19. e5 Nfd5 20. Ne4 Qd7 21. h4 f5 22. exf6 Nxf6 23. Nc5 Bxc5 24. dxc5 Ng4 25. Rad1 Nd5 26. Ne5 Nxe5 27. Rxe5 Rf6 28.
Rde1 Rcf8 29. f4 Qf7 30. Bh3 Kh8 31. Bxe6 Rxe6 32. Rxe6 Nxf4 33. Re7 Qf6 34. gxf4 Qxf4 35. Qg2 Qd4+ 36. R1e3 Bd5 37. Qg3 Qd1+ 38. Re1 Qd4+ 39.
R1e3 Qd1+ 40. Re1 Qd4+ 41. R1e3 1/2-1/2

[Event "Early-Titled-Tuesday-Blitz-June-18-2024"]
[Site "Chess.com"]
[Date "2024.06.18"]
[Round "5"]
[White "rasmussvane"]
[Black "kingnb"]
[Result "1-0"]
[WhiteElo "2971"]
[BlackElo "2689"]
[TimeControl "180+1"]
[EndTime "8:58:23 PDT"]
[Termination "rasmussvane won on time"]

1. Nf3 Nf6 2. g3 e6 3. Bg2 d5 4. O-O Be7 5. c4 O-O 6. b3 b6 7.
d4 Bb7 8. Nc3 Nbd7 9. Bb2 c5 10.
Ne1 Ne4 11. cxd5 exd5 12. Nd3 Bf6 13. Nxe4 dxe4 14. Ne5 Re8 15. Ng4 Bxd4 16. Bxd4 cxd4 17. Qxd4 Nc5 18. Qb2 Qe7 19. Rfd1 Rad8 20. Ne3 Rxd1+ 21. Rxd1 Rd8 22. Rxd8+ Qxd8 23. h4 g6 24. h5 Qg5 25.
h6 Qxh6 26. Ng4 Qg7 27. Nf6+ Kf8 28. Qe5 Qh6 29. Qb8+ Kg7 30. Ne8+ Kf8 31. Nd6+ Kg7 32. Nxb7 Qc1+ 33. Kh2 Qh6+ 34. Bh3 Ne6 35. Qe5+ Kg8 36. Kg2 Ng5 37. Bg4 1-0

[Event "Early-Titled-Tuesday-Blitz-June-18-2024"]
[Site "Chess.com"]
[Date "2024.06.18"]
[Round "5"]
[White "KnightDuta"]
[Black "SkinnyPuppy8"]
[Result "1-0"]
[WhiteElo "2751"]
[BlackElo "2199"]
[TimeControl "180+1"]
[EndTime "8:58:23 PDT"]
[Termination "KnightDuta won on time"]

1. d4 c5 2. d5 Nf6 3. Nc3 Qa5 4. Bd2 b5 5. a3 a6 6. e4 Qc7 7. Nf3 d6 8. Bd3 Bg4 9. h3 Bxf3 10. Qxf3 Nbd7 11.
O-O g6 12. Qd1 Bg7 13. Qc1 O-O 14. Bh6 c4 15. Bxg7 Kxg7 16. Be2 Nc5 17. Qe3 e5 18. dxe6 fxe6 19. Rad1 e5 20. Rd2 Qc6 21. Bf3 Rad8 22. Rfd1 Ne6 23. Nd5 Nd4 24. Rxd4 exd4 25. Qxd4 Qc5 26.
Qc3 Rde8 27. h4 Re5 28. Ne3 Kg8 29. Rd4 a5 30. Qd2 Ne8 31. Ng4 Re6 32. Rd5 Qc7 33.
Qd4 Qg7 34. Qxg7+ Kxg7 35. Rxb5 h5 36. Ne3 Re5 37. Rb7+ Rf7 38. Rb8 Nc7 39. Nxc4 1-0

[Event "Early-Titled-Tuesday-Blitz-June-18-2024"]
[Site "Chess.com"]
[Date "2024.06.18"]
[Round "5"]
[White "Dexter_Dyke"]
[Black "drdaro"]
[Result "1-0"]
[WhiteElo "2493"]
[BlackElo "2318"]
[TimeControl "180+1"]
[EndTime "8:58:24 PDT"]
[Termination "Dexter_Dyke won by checkmate"]

1. e4 e6 2. d4 d5 3. e5 c5 4. c3 Nc6 5. Nf3 Qb6 6. Be2 f6 7.
O-O cxd4 8. cxd4 fxe5 9. dxe5 Nge7 10. Nc3 Ng6 11. Bb5 Bb4 12. Be3 Qc7 13. Rc1 O-O 14.
Bxc6 bxc6 15. Nb5 Qd7 16. Nd6 Bxd6 17. exd6 e5 18. Bc5 Nf4 19. Nxe5 Qf5 20. Nxc6 Qg5 21. g3 Bg4 22. f3 Nh3+ 23. Kh1 Bd7 24. Ne7+ Kh8 25.
Qxd5 Rae8 26. Qxg5 Nxg5 27. Kg2 Ne6 28. Be3 g5 29. f4 gxf4 30. gxf4 Rf7 31. f5 Rg7+ 32. Kf2 Rgxe7 33. dxe7 Rxe7 34. fxe6 Rxe6 35. Bd4+ Kg8 36.
Rg1+ Kf7 37. Rc7 Ke7 38. Rg7+ Ke8 39. Rgxd7 h5 40. Rh7 Kd8 41. Rxa7 Re2+ 42. Kxe2 Kc8 43. Rh8# 1-0

[Event "Early-Titled-Tuesday-Blitz-June-18-2024"]
[Site "Chess.com"]
[Date "2024.06.18"]
[Round "5"]
[White "NovozhilovSemen"]
[Black "AlexeiShirov"]
[Result "0-1"]
[WhiteElo "2644"]
[BlackElo "2884"]
[TimeControl "180+1"]
[EndTime "8:58:25 PDT"]
[Termination "AlexeiShirov won by resignation"]

1. d4 d5 2. c4 c6 3. Nf3 Nf6 4.
e3 Bf5 5. Nc3 e6 6. Nh4 Be4 7.
f3 Bg6 8. Bd2 Nbd7 9. Nxg6 hxg6 10. Qc2 Rc8 11. c5 b6 12. b4 a5 13. a3 Nh5 14.
Ba6 Rb8 15. Kf2 b5 16. Nxb5 Rxb5 17. Bxb5 cxb5 18. a4 bxa4 19. b5 Be7 20. c6 Nb6 21. Bxa5 Bd6 22. c7 Qxc7 23. Qxc7 Bxc7 24. Rhc1 Kd7 25. Bxb6 Bxb6 26. Rxa4 Rb8 27. Ra6 Nf6 28. g4 Ne8 29. Rc6 Bc7 30. Rc5 Rb7 31. Ra8 Nd6 32. Rg8 Ke7 33. h4 Nxb5 34. h5 gxh5 35. gxh5 Kf6 36.
f4 Nd6 37. Rc2 Ne4+ 38. Kf3 Bd6 39. Rg2 Rb1 40. R8xg7 Rh1 41. Rh7 Rh3+ 42. Ke2 Ba3 43. Rgg7 Nd6 44. Rg5 Bc1 45. Rh8 Bxe3 46. h6 Bxf4 47.
Rg7 Rxh6 48. Rxh6+ Bxh6 49. Rg4 Nf5 50. Kd3 Be3 0-1

[Event "Early-Titled-Tuesday-Blitz-June-18-2024"]
[Site "Chess.com"]
[Date "2024.06.18"]
[Round "5"]
[White "Lestofante90"]
[Black "jk13"]
[Result "1-0"]
[WhiteElo "2971"]
[BlackElo "2692"]
[TimeControl "180+1"]
[EndTime "8:58:25 PDT"]
[Termination "Lestofante90 won by resignation"]

1. d4 Nf6 2. c4 e6 3. Nf3 Bb4+ 4. Bd2 Bxd2+ 5. Qxd2 O-O 6. Nc3 d5 7. e3 Qe7 8. cxd5 exd5 9. Bd3 Nc6 10. a3 Bg4 11. O-O Rad8 12. Rac1 Ne4 13. Qc2 Rfe8 14. Kh1 Rd6 15. Ng1 Bh5 16. Nh3 Nxc3 17. bxc3 Bg6 18. Nf4 Bxd3 19. Qxd3 Na5 20. Qb5 b6 21. Nxd5 Qd8 22.
Nf4 c6 23. Qe2 b5 24. e4 Nc4 25. e5 Rh6 26. Rcd1 Qh4 27. Nh3 Nxa3 28. Qf3 Nc4 29. Rfe1 a5 30. d5 cxd5 31. Rxd5 Rb6 32. Rd4 Qe7 33.
Nf4 Nxe5 34. Qg3 Qf8 35. Rde4 f6 36. Nh5 Rd8 37. f4 Ng6 38. h3 Rbd6 39. Qe3 Rd3 40. Qb6 Nh4 41. Qxb5 Kh8 42. Re8 Ng6 43. Rxf8+ Rxf8 44.
Qxd3 Rb8 45. Qb5 a4 46. Qxb8+ 1-0

[Event "Early-Titled-Tuesday-Blitz-June-18-2024"]
[Site "Chess.com"]
[Date "2024.06.18"]
[Round "5"]
[White "andrzej"]
[Black "Harry_Rakkel"]
[Result "0-1"]
[WhiteElo "2477"]
[BlackElo "2664"]
[TimeControl "180+1"]
[EndTime "8:58:25 PDT"]
[Termination "Harry_Rakkel won on time"]

1. e4 c6 2. d4 d5 3. e5 Bf5 4.
h4 Qb6 5. a4 a5 6. Ne2 h5 7. c3 e6 8. Nf4 g6 9. Bd3 Ne7 10. O-O Nd7 11. Na3 Bxd3 12. Nxd3 Nf5 13. Bg5 Be7 14. Bxe7 Nxe7 15. Rb1 Nf5 16. g3 Qd8 17. Qd2 Qe7 18. Nc2 Nb6 19. b3 Rg8 20. Nc5 g5 21. hxg5 Rxg5 22. Ne3 O-O-O 23. Nxf5 exf5 24.
Qf4 Rdg8 25. Kh1 Nd7 26. Nxd7 Qxd7 27. Qh4 Rg4 28. Qh3 f4 29. Rg1 h4 30. Qh2 hxg3 31.
fxg3 fxg3 32. Qh3 g2+ 33. Kh2 Qf5 34. Rb2 Kb8 35. Rbxg2 Qf4+ 36. Kh1 Rh4 37. Rxg8+ Ka7 38. Qxh4 Qxh4+ 39. Kg2 Qe4+ 40. Kf2 Qc2+ 41. Ke3 Qxc3+ 42. Kf4 Qxd4+ 43. Kf5 Qf2+ 0-1

[Event "Early-Titled-Tuesday-Blitz-June-18-2024"]
[Site "Chess.com"]
[Date "2024.06.18"]
[Round "5"]
[White "kyuotbi"]
[Black "Predatoru"]
[Result "0-1"]
[WhiteElo "2323"]
[BlackElo "2566"]
[TimeControl "180+1"]
[EndTime "8:58:25 PDT"]
[Termination "Predatoru won by checkmate"]

1. e4 c5 2. Nf3 d6 3. d4 cxd4 4. Nxd4 Nf6 5. Nc3 a6 6. Bg5 Nbd7 7. Bc4 Qb6 8. O-O e6 9. Qd2 h6 10. Be3 Qc7 11. Bxe6 fxe6 12. Nxe6 Qc4 13. Nd5 Nxd5 14.
exd5 Nf6 15. Bb6 Bxe6 16. dxe6 Be7 17. b3 Qd5 18. Qe3 O-O 19. Rad1 Qe4 20. Qxe4 Nxe4 21. c4 Rf5 22. Rfe1 Nc5 23. Bc7 Rf6 24. Bxd6 Bxd6 25. Rxd6 Re8 26. g3 Rfxe6 27. Rexe6 Rxe6 28. Rd8+ Kf7 29.
Rd5 Ne4 30. Kg2 Ke7 31. a4 Nf6 32. Rc5 Kd7 33. a5 Re2 34. Kf3 Rxf2+ 35. Ke3 Rxh2 36. Rf5 Rb2 37. Kd4 Rxb3 38. Kc5 Rxg3 39. Kb6 Rb3+ 40. Ka7 Ke6 41. Rc5 g5 42. Rc7 g4 43. c5 g3 44.
Rg7 h5 45. c6 bxc6 46. Kxa6 h4 47. Ka7 h3 48. a6 h2 49. Ka8 h1=Q 50. a7 Qh8+ 51. Rg8 Qxg8# 0-1

[Event "Early-Titled-Tuesday-Blitz-June-18-2024"]
[Site "Chess.com"]
[Date "2024.06.18"]
[Round "5"]
[White "Mikhail_Bryakin"]
[Black "Sargsyan_Shant"]
[Result "0-1"]
[WhiteElo "2763"]
[BlackElo "2971"]
[TimeControl "180+1"]
[EndTime "8:58:26 PDT"]
[Termination "Sargsyan_Shant won on time"]

1. Nf3 g6 2. d4 Nf6 3. g3 Bg7 4.
Bg2 O-O 5. O-O d6 6. b3 Ne4 7. Bb2 c5 8. c4 Nc6 9. Nbd2 Bf5 10. Nxe4 Bxe4 11. Qd2 Bxf3 12. Bxf3 Nxd4 13. Bxb7 Rb8 14. Bg2 a5 15. e3 Nf5 16. Bxg7 Nxg7 17. Rab1 h5 18.
h4 Qb6 19. Rb2 Qb4 20. Qxb4 Rxb4 21. a3 Rb6 22. Rfb1 Rfb8 23. Be4 Ne8 24. Kf1 Nf6 25.
Bd3 e6 26. Ke2 Ng4 27. Bc2 Ne5 28. Bd3 d5 29. cxd5 exd5 30. f4 Ng4 31. Kf3 c4 32.
Bc2 Re6 33. Re1 Rbe8 34. e4 c3 35. Rbb1 dxe4+ 36. Rxe4 Rxe4 37. Bxe4 f5 38. Bd5+ Kg7 39.
Bc4 Rd8 40. Rc1 Rd2 41. Be2 c2 42. b4 axb4 43. axb4 Kf6 44. b5 Ke7 45. Ra1 Kd6 46. b6 Kc6 47. Rc1 Kxb6 48. Ra1 Kc5 49. Ra8 Kb4 50.
Rb8+ Kc3 51. Rc8+ Kb2 52. Rb8+ Kc1 53. Rc8 Rd4 0-1

[Event "Early-Titled-Tuesday-Blitz-June-18-2024"]
[Site "Chess.com"]
[Date "2024.06.18"]
[Round "5"]
[White "luckyswitchback"]
[Black "jens1102"]
[Result "1-0"]
[WhiteElo "2841"]
[BlackElo "2647"]
[TimeControl "180+1"]
[EndTime "8:58:26 PDT"]
[Termination "luckyswitchback won by checkmate"]

1. e4 e5 2. Nf3 Nc6 3. Bb5 f5 4. d3 fxe4 5. dxe4 Nf6 6. O-O d6 7. Bc4 Bg4 8. h3 Bxf3 9. Qxf3 Qd7 10. Nd2 O-O-O 11. b4 Be7 12. Qb3 Nd4 13. Qd3 Rdf8 14. Bb2 Nh5 15. Bxd4 Nf4 16. Qe3 exd4 17. Qxd4 Nxh3+ 18. gxh3 Qxh3 19. Qd3 Qh6 20. Kg2 Rf6 21. Qh3+ Qxh3+ 22.
Kxh3 Rhf8 23. f3 Kd7 24. Kg2 Rg6+ 25. Kf2 Bh4+ 26. Ke3 Rg2 27. Rad1 c6 28. Be2 g5 29. Kd3 h5 30. Nc4 b5 31. Ne3 Rh2 32. Rh1 Bg3 33. Rxh2 Bxh2 34. Rh1 Bf4 35. Rxh5 Kc7 36. Rh7+ Kb6 37. c4 a5 38. bxa5+ Kxa5 39. cxb5 Kxb5 40. Rb7+ Ka6 41. Rb1 Ka7 42. Nf5 d5 43. Ne7 dxe4+ 44. fxe4 c5 45. Nc6+ Ka8 46. Bf3 Bc7 47. Bh1 g4 48. e5 g3 49. Kc4 Rf2 50. Rg1 Rh2 51. Bd5 Rc2+ 52. Kb5 Rd2 53. Ne7+ Ka7 54. Rxg3 Bxe5 55. Ra3+ Kb8 56. Nc6+ Kc7 57. Nxe5 Rxd5 58.
Ra7+ Kb8 59. Nc6+ Kc8 60. Kb6 Rd6 61. Rc7# 1-0

[Event "Early-Titled-Tuesday-Blitz-June-18-2024"]
[Site "Chess.com"]
[Date "2024.06.18"]
[Round "5"]
[White "glucolisis04"]
[Black "lagedema"]
[Result "0-1"]
[WhiteElo "2286"]
[BlackElo "2435"]
[TimeControl "180+1"]
[EndTime "8:58:26 PDT"]
[Termination "lagedema won on time"]

1. d4 Nf6 2. c4 e6 3. Nc3 Bb4 4. e3 O-O 5. Ne2 d6 6. a3 Bxc3+ 7. Nxc3 b6 8. Be2 Bb7 9. O-O Nbd7 10. b4 a5 11. Bb2 axb4 12. axb4 Qe7 13. Bf3 Rxa1 14.
Bxa1 Bxf3 15. Qxf3 e5 16. Qc6 Nb8 17. Qb7 Re8 18. Nb5 c5 19. Qxe7 Rxe7 20. Nxd6 exd4 21. exd4 cxb4 22. d5 Nfd7 23. Rb1 Na6 24. Bd4 Ndc5 25. h3 Kf8 26. Nf5 Re4 27. Bxg7+ Kg8 28. Bh6 Rxc4 29.
Re1 Nc7 30. d6 N7e6 31. Ne7+ Kh8 32. Nd5 Rd4 33. Nxb6 Rxd6 34. Nc4 Rd4 35. Ne5 f6 36. Ng4 f5 37. Nf6 b3 38. Ra1 b2 39. Ra8+ Nd8 40.
Ra7 Ncb7 41. Kh2 b1=Q 42. Ra6 Qb5 43. Ra3 Qe5+ 44. Rg3 Qxf6 0-1

[Event "Early-Titled-Tuesday-Blitz-June-18-2024"]
[Site "Chess.com"]
[Date "2024.06.18"]
[Round "5"]
[White "NikitaShnadrygin"]
[Black "aot317"]
[Result "0-1"]
[WhiteElo "2746"]
[BlackElo "2534"]
[TimeControl "180+1"]
[EndTime "8:58:28 PDT"]
[Termination "aot317 won by resignation"]

1. e4 c5 2. Nf3 e6 3. d4 cxd4 4. Nxd4 Nc6 5. Nc3 Qc7 6. Be2 a6 7. Be3 b5 8. a3 Bb7 9. O-O Nf6 10. f4 Na5 11. e5 Nd5 12. Nxd5 Bxd5 13. b3 Qc3 14. Bf2 Rc8 15. Kh1 Nc6 16. Nxc6 Qxc6 17. Bf3 Bxf3 18. gxf3 Qxc2 19. Qxc2 Rxc2 20. Rac1 Rc6 21.
a4 Ba3 22. Rxc6 dxc6 23. axb5 axb5 24. Ra1 b4 25. Rd1 O-O 26. Bc5 Rc8 27. Rd7 Bc1 28.
f5 exf5 29. Bxb4 h5 30. Bd6 c5 31. Bc7 Bf4 32. Kg2 f6 33. Rd8+ Rxd8 34. Bxd8 fxe5 35. Be7 Be3 36. Bd6 Bd4 37. h4 Kf7 38. Kg3 g6 39.
Bc7 Ke6 40. f4 e4 41. Kg2 Kd5 42. Kg3 Be3 43. Be5 Kc6 44. Bc3 Kb5 45. Be1 Bc1 46. Bc3 Ba3 47. Be1 Bb4 48. Bf2 Bd2 0-1

[Event "Early-Titled-Tuesday-Blitz-June-18-2024"]
[Site "Chess.com"]
[Date "2024.06.18"]
[Round "5"]
[White "N_I_Chess"]
[Black "CristianS27"]
[Result "1-0"]
[WhiteElo "2330"]
[BlackElo "2471"]
[TimeControl "180+1"]
[EndTime "8:58:28 PDT"]
[Termination "N_I_Chess won on time"]

1. d4 Nf6 2. c4 g6 3. Nc3 Bg7 4.
e4 d6 5. f4 O-O 6. Nf3 c5 7.
d5 e6 8. Be2 exd5 9. cxd5 Bg4 10. e5 dxe5 11. fxe5 Nfd7 12. Bg5 f6 13. exf6 Bxf6 14.
Bh6 Bg7 15. Bxg7 Kxg7 16. O-O Nf6 17. h3 Bxf3 18. Bxf3 Nbd7 19. Qe2 Qb6 20. Rae1 Rae8 21. Qd2 Ne5 22. Be2 Qd6 23. Rd1 a6 24. a4 c4 25.
Kh1 Qc5 26. Rxf6 Rxf6 27. Ne4 Qb6 28. Nxf6 Qxf6 29. d6 Rd8 30. Qd5 Nf7 31. d7 Ne5 32. Qxb7 Qf2 33. Bf3 Nxf3 34. Qxf3 Qxf3 35. gxf3 Kf6 36.
Kg2 Ke7 37. Rd4 h5 38. Rxc4 Rxd7 39. Kg3 Rb7 40. Rc6 1-0

[Event "Early-Titled-Tuesday-Blitz-June-18-2024"]
[Site "Chess.com"]
[Date "2024.06.18"]
[Round "5"]
[White "monomita"]
[Black "jeetjain"]
[Result "1-0"]
[WhiteElo "2783"]
[BlackElo "2586"]
[TimeControl "180+1"]
[EndTime "8:58:29 PDT"]
[Termination "monomita won on time"]

1. e4 d6 2. Nf3 g6 3. d4 Bg7 4. Nc3 a6 5. a4 Nf6 6. Be2 O-O 7. O-O Nbd7 8. Bg5 h6 9. Bh4 c6 10. a5 e5 11. dxe5 Nxe5 12. Nxe5 dxe5 13. Qxd8 Rxd8 14.
Rfd1 Be6 15. f3 g5 16. Bf2 Bf8 17. Na4 Rxd1+ 18. Rxd1 Nd7 19. Bc4 Bxc4 20. Rxd7 Bb5 21. Nb6 c5 22. Rxb7 Rd8 23. Be3 Rd1+ 24. Kf2 c4 25.
Nd5 Rb1 26. Rb8 Kg7 27. Nc3 Rxb2 28. Nxb5 Rxc2+ 29. Kg3 Re2 30. Bg1 Rb2 31. Rb7 axb5 32. a6 Ra2 33. a7 b4 34. Rb8 c3 35. a8=Q Rxa8 36. Rxa8 c2 37. Be3 Bc5 38. Bc1 b3 39. Rb8 1-0

[Event "Early-Titled-Tuesday-Blitz-June-18-2024"]
[Site "Chess.com"]
[Date "2024.06.18"]
[Round "5"]
[White "Dixit_Nikhil"]
[Black "jaramsdal"]
[Result "0-1"]
[WhiteElo "2597"]
[BlackElo "2447"]
[TimeControl "180+1"]
[EndTime "8:58:29 PDT"]
[Termination "jaramsdal won by resignation"]

1. e4 c5 2. Nf3 g6 3. d4 cxd4 4. Qxd4 Nf6 5. Bb5 a6 6. e5 Ng8 7. Bc4 Nc6 8. Qf4 e6 9. Nc3 d5 10. Bd3 Bh6 11. Qg3 Bxc1 12. Rxc1 Nb4 13. O-O Nxd3 14.
cxd3 Ne7 15. d4 Nf5 16. Qf4 h5 17. h4 Bd7 18. Ne2 Bb5 19. Rfe1 Bxe2 20. Rxe2 Rc8 21.
Rec2 Rxc2 22. Rxc2 O-O 23. g4 hxg4 24. Qxg4 Kg7 25. h5 Rg8 26. hxg6 Kf8 27. Qh5 Rxg6+ 28. Kf1 Kg7 29. Ke2 Qa5 30. Rc8 Qb5+ 31. Ke1 Qb4+ 32. Kd1 Qa4+ 33. b3 Rg1+ 34. Nxg1 Qxd4+ 35. Ke1 Qxe5+ 36.
Kf1 Ne3+ 37. fxe3 Qxh5 38. Ne2 Qf3+ 39. Ke1 Qxe3 40. Rc3 Qe5 41. Rg3+ Kf8 42. Kf2 Qf6+ 43. Rf3 Qa1 44. a4 Qb2 45. Kf1 d4 46. Rd3 Qb1+ 0-1

[Event "Early-Titled-Tuesday-Blitz-June-18-2024"]
[Site "Chess.com"]
[Date "2024.06.18"]
[Round "5"]
[White "Kirill_Klukin"]
[Black "Timerkhanov"]
[Result "1-0"]
[WhiteElo "2885"]
[BlackElo "2715"]
[TimeControl "180+1"]
[EndTime "8:58:30 PDT"]
[Termination "Kirill_Klukin won on time"]

1. c4 c6 2. d4 d5 3. Nf3 Nf6 4. Nc3 dxc4 5. e3 Be6 6. Ng5 Bd5 7.
e4 h6 8. exd5 hxg5 9. dxc6 Nxc6 10. Bxg5 Qxd4 11. Qxd4 Nxd4 12. O-O-O Ne6 13. Bxc4 a6 14.
Bxe6 fxe6 15. h4 Rc8 16. Rhe1 Kf7 17. Kb1 b5 18. f3 g6 19. Ne2 Nh7 20. Nd4 Nxg5 21. hxg5 Rh2 22. Re2 Rd8 23. Kc2 e5 24. Nb3 Rc8+ 25. Kb1 Bg7 26. a3 e4 27. fxe4 Rh5 28. Rd5 Ke8 29. Nc5 Rc6 30. Ka2 e6 31. Nb3 Ke7 32. Rc5 Rxc5 33. Nxc5 a5 34. Rd2 Rxg5 35.
Nb7 a4 36. Nd6 Rc5 37. Nb7 Rg5 38. Na5 Be5 39. Nc6+ Kf6 40. Rf2+ Kg7 41. Nb4 Bf6 42. Nd3 Rg3 43. Nf4 Kf7 44. e5 1-0